General information
- name: BNet
- type: Ladder team game (AT/RT)
- host: Battle.net
- saver: NOBORDERS
map: Cherryville
- players: 8
- length: 32:49
- speed: Fast
- version: 1.28 W3XP
- replay type: Public
» download(280 KB)
Players
team 1 (loser)
Dr_Monkey (
teal | 65 APM | 2135 actions | 32:48)
5 Mountain King
3 Storm Bolt
2 Bash
1 Blademaster
1 Critical Strike
» actions
| Assign group hotkey | 10 | |
| Basic commands | 43 | |
| Build / train | 145 | |
| ESC pressed | 6 | |
| Enter build submenu | 85 | |
| Enter hero's abilities submenu | 6 | |
| Remove unit from queue | 1 | |
| Right click | 1037 | |
| Select / deselect | 571 | |
| Select group hotkey | 91 | |
| Use ability | 140 | |
2135 total
» units
| Peasant | 25 | |
| Rifleman | 9 | |
| Flying Machine | 10 | |
| Gryphon Rider | 7 | |
| Dragonhawk Rider | 3 | |
| Spell Breaker | 4 | |
| Siege Engine | 5 | |
| Troll Batrider | 5 | |
68 total
» upgrades
| Masonry | 2 | |
| Gunpowder | 1 | |
| Swords | 2 | |
| Flak Cannons | 1 | |
| Lumber Harvesting | 1 | |
| Magic Sentry | 1 | |
| Cloud | 1 | |
| Armor | 1 | |
| Barrage | 1 | |
11 total
» buildings
| Lumber Mill | 1 | |
| Farm | 11 | |
| Scout Tower | 57 | |
| Guard Tower | 46 | |
| Altar of Kings | 1 | |
| Arcane Tower | 1 | |
| Barracks | 1 | |
| Arcane Vault | 2 | |
| Blacksmith | 1 | |
| Keep | 1 | |
| Town Hall | 1 | |
| Castle | 1 | |
| Workshop | 1 | |
| Arcane Sanctum | 1 | |
| Gryphon Aviary | 3 | |
| Orc Burrow | 2 | |
131 total
» build order
00:05 Lumber Mill
00:55 Farm
01:02 Scout Tower
01:04 Scout Tower
01:31 Guard Tower
01:48 Altar of Kings
01:57 Guard Tower
01:58 Scout Tower
02:10 Farm
02:19 Scout Tower
02:25 Guard Tower
02:31 Scout Tower
02:51 Scout Tower
02:51 Guard Tower
03:03 Guard Tower
03:08 Scout Tower
03:27 Guard Tower
03:33 Scout Tower
03:35 Guard Tower
03:37 Scout Tower
04:03 Arcane Tower
04:08 Barracks
04:10 Guard Tower
04:12 Scout Tower
04:16 Arcane Vault
04:22 Blacksmith
04:38 Guard Tower
04:40 Scout Tower
05:06 Guard Tower
05:08 Scout Tower
05:14 Farm
05:37 Guard Tower
05:48 Scout Tower
05:51 Farm
05:55 Scout Tower
06:04 Scout Tower
06:11 Guard Tower
06:30 Guard Tower
06:32 Scout Tower
07:05 Guard Tower
07:12 Scout Tower
07:15 Scout Tower
07:51 Guard Tower
07:53 Scout Tower
07:54 Scout Tower
08:23 Guard Tower
08:24 Scout Tower
08:26 Scout Tower
08:54 Guard Tower
08:55 Scout Tower
08:59 Scout Tower
09:02 Guard Tower
09:14 Keep
09:25 Guard Tower
09:27 Scout Tower
09:27 Guard Tower
09:29 Scout Tower
09:55 Guard Tower
09:56 Guard Tower
09:58 Scout Tower
10:00 Scout Tower
10:27 Guard Tower
10:27 Guard Tower
11:05 Guard Tower
11:34 Town Hall
11:43 Farm
13:12 Scout Tower
13:41 Guard Tower
13:45 Scout Tower
13:48 Scout Tower
13:49 Scout Tower
14:22 Guard Tower
14:39 Guard Tower
14:42 Scout Tower
14:44 Scout Tower
14:47 Scout Tower
14:47 Scout Tower
15:05 Guard Tower
15:15 Guard Tower
15:16 Guard Tower
15:17 Scout Tower
15:31 Castle
15:34 Workshop
15:40 Guard Tower
15:43 Guard Tower
15:45 Scout Tower
15:56 Scout Tower
15:59 Scout Tower
16:13 Guard Tower
16:13 Guard Tower
16:40 Guard Tower
16:42 Scout Tower
16:43 Scout Tower
17:03 Arcane Sanctum
17:24 Gryphon Aviary
17:26 Gryphon Aviary
17:33 Arcane Vault
18:10 Farm
18:11 Farm
18:12 Farm
18:12 Farm
20:01 Farm
20:03 Farm
22:25 Gryphon Aviary
23:04 Scout Tower
23:06 Scout Tower
23:09 Scout Tower
23:12 Scout Tower
23:14 Scout Tower
23:15 Scout Tower
23:16 Scout Tower
23:31 Guard Tower
24:43 Guard Tower
24:43 Guard Tower
24:45 Scout Tower
25:46 Guard Tower
25:47 Guard Tower
25:48 Scout Tower
25:49 Scout Tower
26:06 Guard Tower
26:07 Guard Tower
26:17 Guard Tower
26:19 Scout Tower
26:20 Scout Tower
26:49 Orc Burrow
26:51 Orc Burrow
26:56 Guard Tower
27:16 Scout Tower
27:37 Scout Tower
27:55 Guard Tower
28:30 Scout Tower
» items
| Lesser Clarity Potion | 2 | |
| Scroll of Regeneration | 2 | |
| Scroll of Town Portal | 2 | |
| Potion of Healing | 1 | |
| Ivory Tower | 2 | |
9 total
MOUNTAIN-REAR (
blue | 50 APM | 726 actions | 14:27)
3 Blademaster
2 Wind Walk
1 Critical Strike
» actions
| Assign group hotkey | 15 | |
| Basic commands | 4 | |
| Build / train | 47 | |
| Enter build submenu | 31 | |
| Enter hero's abilities submenu | 3 | |
| Give item / drop item | 2 | |
| Remove unit from queue | 1 | |
| Right click | 277 | |
| Select / deselect | 137 | |
| Select group hotkey | 171 | |
| Use ability | 38 | |
726 total
» units
| Peon | 14 | |
| Grunt | 3 | |
| Goblin Shredder | 4 | |
| Goblin Zeppelin | 1 | |
| Wind Rider | 4 | |
26 total
» upgrades
| Ranged Weapons | 2 | |
| Armor | 2 | |
| Reinforced Defenses | 1 | |
5 total
» buildings
| Altar of Storms | 1 | |
| Orc Burrow | 6 | |
| Barracks | 1 | |
| Voodoo Lounge | 1 | |
| War Mill | 1 | |
| Watch Tower | 14 | |
| Great Hall | 4 | |
| Stronghold | 2 | |
| Fortress | 2 | |
| Beastiary | 4 | |
36 total
» build order
00:09 Altar of Storms
00:20 Orc Burrow
00:42 Barracks
01:24 Orc Burrow
02:25 Voodoo Lounge
03:06 War Mill
04:23 Watch Tower
04:46 Great Hall
05:00 Great Hall
05:33 Watch Tower
05:40 Stronghold
05:40 Stronghold
06:40 Watch Tower
07:19 Watch Tower
07:20 Watch Tower
07:21 Watch Tower
08:02 Fortress
08:02 Fortress
08:06 Beastiary
08:17 Beastiary
09:12 Great Hall
09:23 Great Hall
09:28 Beastiary
09:33 Orc Burrow
09:35 Orc Burrow
10:04 Watch Tower
10:05 Watch Tower
11:25 Watch Tower
11:27 Watch Tower
11:48 Beastiary
11:55 Watch Tower
12:02 Watch Tower
12:42 Watch Tower
13:13 Watch Tower
13:20 Orc Burrow
14:21 Orc Burrow
» items
| Healing Salve | 2 | |
| Orb of Lightning | 1 | |
| Scroll of Town Portal | 1 | |
4 total

»
spydre. (
green | 48 APM | 1215 actions | 25:16)
4 Far Seer
2 Feral Spirit
2 Chain Lighting
2 Shadow Hunter
1 Healing Wave
1 Hex
» actions
| Assign group hotkey | 34 | |
| Basic commands | 187 | |
| Build / train | 80 | |
| ESC pressed | 1 | |
| Enter build submenu | 36 | |
| Enter hero's abilities submenu | 6 | |
| Right click | 165 | |
| Select / deselect | 268 | |
| Select group hotkey | 364 | |
| Use ability | 74 | |
1215 total
» units
| Peon | 18 | |
| Grunt | 12 | |
| Shaman | 17 | |
| Tauren | 4 | |
51 total
» upgrades
| Berserker Strength | 1 | |
| Melee Weapons | 2 | |
| Shaman Training | 2 | |
| Pillage | 1 | |
| Armor | 1 | |
| Spiked Barricades | 1 | |
| Reinforced Defenses | 1 | |
| Pulverize | 1 | |
10 total
» buildings
| Altar of Storms | 1 | |
| Orc Burrow | 8 | |
| Barracks | 1 | |
| Stronghold | 1 | |
| War Mill | 2 | |
| Voodoo Lounge | 1 | |
| Watch Tower | 17 | |
| Spirit Lodge | 1 | |
| Fortress | 1 | |
| Tauren Totem | 1 | |
| Great Hall | 2 | |
36 total
» build order
00:06 Altar of Storms
00:09 Orc Burrow
00:30 Barracks
01:26 Orc Burrow
02:34 Orc Burrow
03:21 Stronghold
03:38 Orc Burrow
04:34 War Mill
04:37 War Mill
05:25 Voodoo Lounge
06:31 Watch Tower
07:09 Spirit Lodge
07:39 Watch Tower
08:43 Orc Burrow
08:47 Orc Burrow
09:42 Watch Tower
09:44 Watch Tower
10:21 Fortress
10:50 Watch Tower
10:53 Watch Tower
12:02 Orc Burrow
12:12 Watch Tower
13:04 Tauren Totem
14:01 Watch Tower
14:02 Watch Tower
14:04 Watch Tower
14:06 Watch Tower
15:59 Great Hall
16:15 Watch Tower
16:42 Watch Tower
17:44 Watch Tower
17:45 Watch Tower
20:38 Orc Burrow
22:37 Watch Tower
23:41 Watch Tower
24:39 Great Hall
» items
| Potion of Healing | 4 | |
| Lesser Clarity Potion | 2 | |
| Healing Salve | 1 | |
| Scroll of Town Portal | 2 | |
9 total

»
p3n1s (
purple | 45 APM | 1454 actions | 32:08)
6 Mountain King
3 Storm Bolt
1 Bash
1 Thunder Clap
1 Avatar
» actions
| Assign group hotkey | 59 | |
| Basic commands | 9 | |
| Build / train | 121 | |
| ESC pressed | 9 | |
| Enter build submenu | 35 | |
| Enter hero's abilities submenu | 6 | |
| Give item / drop item | 2 | |
| Right click | 602 | |
| Select / deselect | 352 | |
| Select group hotkey | 126 | |
| Use ability | 133 | |
1454 total
» units
| Peasant | 32 | |
| Gryphon Rider | 10 | |
| Troll Batrider | 2 | |
| Wind Rider | 2 | |
| Knight | 3 | |
| Dragonhawk Rider | 2 | |
| Rifleman | 4 | |
55 total
» upgrades
| Lumber Harvesting | 2 | |
| Masonry | 3 | |
| Armor | 3 | |
| Swords | 3 | |
| Storm Hammers | 1 | |
| Ranged Weapons | 1 | |
| Plating | 1 | |
| Gunpowder | 1 | |
15 total
» buildings
| Altar of Kings | 1 | |
| Arcane Vault | 2 | |
| Farm | 12 | |
| Scout Tower | 5 | |
| Arcane Tower | 2 | |
| Keep | 2 | |
| Lumber Mill | 1 | |
| Town Hall | 1 | |
| Castle | 2 | |
| Gryphon Aviary | 3 | |
| Blacksmith | 1 | |
| Guard Tower | 2 | |
| Barracks | 1 | |
| Watch Tower | 4 | |
39 total
» build order
00:10 Altar of Kings
00:17 Arcane Vault
00:22 Farm
01:00 Farm
01:23 Scout Tower
01:53 Arcane Tower
02:50 Keep
03:54 Lumber Mill
04:59 Town Hall
05:23 Castle
06:52 Gryphon Aviary
08:51 Gryphon Aviary
08:53 Gryphon Aviary
10:26 Farm
10:27 Farm
10:28 Farm
11:00 Blacksmith
11:12 Scout Tower
11:50 Guard Tower
12:03 Farm
12:27 Scout Tower
15:23 Arcane Tower
16:21 Farm
17:14 Farm
18:41 Farm
18:45 Scout Tower
18:51 Scout Tower
19:40 Guard Tower
19:47 Barracks
19:53 Arcane Vault
22:47 Watch Tower
22:47 Watch Tower
25:52 Keep
26:51 Watch Tower
26:52 Watch Tower
27:54 Farm
27:55 Farm
27:56 Farm
31:10 Castle
» items
| Lesser Clarity Potion | 8 | |
| Scroll of Regeneration | 7 | |
| Mechanical Critter | 6 | |
| Boots of Speed | 1 | |
| Staff of Teleportation | 1 | |
| Potion of Healing | 3 | |
| Potion of Mana | 2 | |
| Scroll of Town Portal | 3 | |
| Healing Salve | 2 | |
| Orb of Lightning | 1 | |
| Scroll of Speed | 1 | |
35 total
team 2 (winner)
UndefeatdInAsia (
yellow | 62 APM | 2032 actions | 32:48)
10 Blademaster
3 Wind Walk
3 Critical Strike
1 Bladestorm
3 Mirror Image
» actions
| Assign group hotkey | 39 | |
| Basic commands | 22 | |
| Build / train | 85 | |
| Enter build submenu | 71 | |
| Enter hero's abilities submenu | 10 | |
| Give item / drop item | 2 | |
| Remove unit from queue | 1 | |
| Right click | 880 | |
| Select / deselect | 425 | |
| Select group hotkey | 209 | |
| Use ability | 288 | |
2032 total
» units
| Peon | 8 | |
| Grunt | 4 | |
| Goblin Shredder | 1 | |
| Rifleman | 3 | |
| Troll Batrider | 22 | |
| Knight | 2 | |
| Priest | 2 | |
42 total
» upgrades
| Reinforced Defenses | 1 | |
| Ranged Weapons | 3 | |
| Long Rifles | 1 | |
| Masonry | 1 | |
| Liquid Fire | 1 | |
| Troll Regeneration | 1 | |
| Armor | 3 | |
| Animal War Training | 1 | |
| Priest Training | 1 | |
13 total
» buildings
| Orc Burrow | 7 | |
| Altar of Storms | 1 | |
| Barracks | 2 | |
| Voodoo Lounge | 2 | |
| Stronghold | 1 | |
| War Mill | 2 | |
| Great Hall | 2 | |
| Watch Tower | 38 | |
| Fortress | 1 | |
| Beastiary | 4 | |
| Castle | 1 | |
| Scout Tower | 12 | |
| Guard Tower | 2 | |
| Arcane Sanctum | 2 | |
77 total
» build order
00:12 Orc Burrow
00:57 Orc Burrow
01:05 Altar of Storms
01:09 Orc Burrow
01:10 Barracks
01:58 Voodoo Lounge
02:49 Stronghold
04:15 War Mill
04:34 Orc Burrow
05:06 Great Hall
06:55 Watch Tower
06:56 Watch Tower
07:36 Orc Burrow
08:52 Watch Tower
08:52 Watch Tower
08:52 Watch Tower
08:53 Watch Tower
08:57 Watch Tower
09:01 Fortress
09:17 Watch Tower
09:18 Watch Tower
10:47 Beastiary
10:49 Beastiary
11:43 Beastiary
12:00 Castle
12:10 Scout Tower
12:13 Scout Tower
12:13 Scout Tower
12:13 Scout Tower
12:14 Scout Tower
12:14 Scout Tower
12:14 Scout Tower
12:15 Scout Tower
12:15 Scout Tower
12:53 Watch Tower
12:57 Watch Tower
13:04 Watch Tower
13:06 Watch Tower
13:47 Guard Tower
16:11 Beastiary
16:18 War Mill
18:51 Watch Tower
18:53 Watch Tower
18:54 Watch Tower
18:56 Watch Tower
18:58 Watch Tower
22:25 Scout Tower
22:26 Scout Tower
22:26 Scout Tower
22:32 Arcane Sanctum
22:33 Arcane Sanctum
22:50 Barracks
24:04 Watch Tower
24:04 Watch Tower
25:45 Watch Tower
25:46 Watch Tower
25:47 Watch Tower
25:48 Watch Tower
25:49 Watch Tower
25:49 Watch Tower
27:44 Guard Tower
28:15 Great Hall
28:18 Watch Tower
28:18 Watch Tower
28:21 Watch Tower
28:21 Watch Tower
28:44 Watch Tower
28:45 Watch Tower
29:00 Watch Tower
29:00 Watch Tower
29:02 Orc Burrow
29:02 Orc Burrow
30:08 Watch Tower
30:09 Watch Tower
30:12 Watch Tower
30:15 Voodoo Lounge
32:46 Watch Tower
» items
| Healing Salve | 3 | |
| Scroll of Town Portal | 4 | |
| Orb of Lightning | 1 | |
| Potion of Mana | 2 | |
| Lesser Clarity Potion | 1 | |
| Periapt of Vitality | 1 | |
| Staff of Teleportation | 1 | |
13 total
NOBORDERS (
pink | 113 APM | 3710 actions | 32:49)
9 Archmage
3 Summon Water Elemental
3 Brilliance Aura
2 Blizzard
1 Mass Teleport
7 Blood Mage
3 Flame Strike
3 Banish
1 Summon Phoenix
» actions
| Assign group hotkey | 140 | |
| Basic commands | 222 | |
| Build / train | 159 | |
| ESC pressed | 7 | |
| Enter build submenu | 48 | |
| Enter hero's abilities submenu | 17 | |
| Give item / drop item | 3 | |
| Remove unit from queue | 1 | |
| Right click | 1157 | |
| Select / deselect | 648 | |
| Select group hotkey | 1067 | |
| Use ability | 241 | |
3710 total
» units
| Peasant | 12 | |
| Footman | 4 | |
| Goblin Shredder | 2 | |
| Rifleman | 14 | |
| Mortar Team | 3 | |
| Sorceress | 5 | |
| Siege Engine | 4 | |
| Priest | 4 | |
| Spell Breaker | 3 | |
51 total
» upgrades
| Masonry | 3 | |
| Gunpowder | 3 | |
| Armor | 4 | |
| Long Rifles | 1 | |
| Sorceress Training | 2 | |
| Priest Training | 2 | |
| Fragmentation Shards | 1 | |
| Magic Sentry | 1 | |
| Barrage | 1 | |
| Plating | 3 | |
21 total
» buildings
| Altar of Kings | 1 | |
| Barracks | 1 | |
| Farm | 10 | |
| Lumber Mill | 1 | |
| Arcane Vault | 2 | |
| Keep | 2 | |
| Scout Tower | 22 | |
| Blacksmith | 2 | |
| Guard Tower | 21 | |
| Town Hall | 2 | |
| Castle | 1 | |
| Arcane Sanctum | 2 | |
| Workshop | 2 | |
69 total
» build order
00:54 Altar of Kings
00:57 Barracks
01:00 Farm
01:05 Farm
01:16 Farm
01:47 Lumber Mill
02:14 Arcane Vault
02:18 Arcane Vault
03:50 Farm
03:57 Keep
03:57 Keep
04:32 Scout Tower
04:32 Scout Tower
04:33 Scout Tower
04:34 Scout Tower
04:35 Scout Tower
05:03 Blacksmith
05:04 Blacksmith
06:28 Guard Tower
06:28 Guard Tower
07:09 Town Hall
07:44 Castle
07:52 Farm
07:54 Farm
07:57 Farm
10:16 Scout Tower
10:17 Scout Tower
10:18 Scout Tower
10:20 Scout Tower
10:24 Scout Tower
10:31 Arcane Sanctum
10:47 Guard Tower
10:47 Guard Tower
10:47 Guard Tower
10:48 Guard Tower
10:48 Guard Tower
10:49 Guard Tower
10:52 Guard Tower
10:52 Guard Tower
10:52 Guard Tower
10:54 Guard Tower
10:54 Guard Tower
11:06 Arcane Sanctum
11:10 Workshop
11:29 Scout Tower
11:31 Scout Tower
11:32 Scout Tower
11:46 Scout Tower
11:47 Scout Tower
11:48 Scout Tower
11:49 Scout Tower
11:56 Scout Tower
12:09 Guard Tower
12:09 Guard Tower
12:23 Guard Tower
12:23 Guard Tower
12:37 Guard Tower
12:37 Guard Tower
12:46 Workshop
16:27 Farm
16:29 Farm
16:29 Farm
28:33 Town Hall
28:36 Scout Tower
28:36 Scout Tower
28:37 Scout Tower
28:38 Scout Tower
29:12 Guard Tower
29:12 Guard Tower
» items
| Scroll of Regeneration | 7 | |
| Mechanical Critter | 5 | |
| Scroll of Town Portal | 5 | |
| Staff of Sanctuary | 1 | |
| Periapt of Vitality | 1 | |
| Staff of Teleportation | 1 | |
| Tome of Retraining | 1 | |
| Potion of Lesser Invulnerability | 1 | |
| Potion of Healing | 3 | |
25 total
bruceleroy (
red | 53 APM | 430 actions | 08:09)
2 Far Seer
1 Feral Spirit
1 Chain Lighting
» actions
| Assign group hotkey | 18 | |
| Basic commands | 7 | |
| Build / train | 20 | |
| Enter build submenu | 15 | |
| Enter hero's abilities submenu | 2 | |
| Right click | 193 | |
| Select / deselect | 86 | |
| Select group hotkey | 62 | |
| Use ability | 27 | |
430 total
» units
» upgrades
| Armor | 1 | |
| Melee Weapons | 1 | |
| Spiked Barricades | 1 | |
3 total
» buildings
| Altar of Storms | 1 | |
| Orc Burrow | 2 | |
| Barracks | 1 | |
| Voodoo Lounge | 1 | |
| War Mill | 1 | |
| Stronghold | 1 | |
| Watch Tower | 7 | |
14 total
» build order
00:09 Altar of Storms
00:16 Orc Burrow
00:43 Barracks
01:54 Voodoo Lounge
02:11 Orc Burrow
02:25 War Mill
04:45 Stronghold
05:32 Watch Tower
05:39 Watch Tower
05:43 Watch Tower
06:12 Watch Tower
07:00 Watch Tower
07:32 Watch Tower
07:37 Watch Tower
» items
antrax221 (
orange | 49 APM | 338 actions | 06:53)
2 Mountain King
1 Storm Bolt
1 Bash
» actions
| Assign group hotkey | 11 | |
| Build / train | 24 | |
| Enter build submenu | 12 | |
| Enter hero's abilities submenu | 2 | |
| Remove unit from queue | 1 | |
| Right click | 142 | |
| Select / deselect | 67 | |
| Select group hotkey | 62 | |
| Use ability | 17 | |
338 total
» units
| Peasant | 9 | |
| Footman | 3 | |
| Rifleman | 5 | |
17 total
» upgrades
» buildings
| Farm | 4 | |
| Altar of Kings | 1 | |
| Barracks | 1 | |
| Scout Tower | 1 | |
| Blacksmith | 1 | |
| Arcane Tower | 1 | |
| Lumber Mill | 1 | |
| Arcane Vault | 1 | |
| Town Hall | 1 | |
| Keep | 1 | |
13 total
» build order
00:08 Farm
00:10 Altar of Kings
00:15 Barracks
00:49 Farm
01:39 Farm
01:53 Scout Tower
02:24 Blacksmith
02:39 Arcane Tower
02:46 Lumber Mill
03:45 Arcane Vault
04:10 Town Hall
05:18 Farm
05:37 Keep
Chat log
(04:00 / Allies) UndefeatdInAsia: you're screwing us
(04:06 / Allies) antrax221: how so?
(04:07 / Allies) NOBORDERS: I was going to take that oj
(04:08 / Allies) NOBORDERS: Take the river expo
(04:10 / Allies) NOBORDERS: That's my natural
(04:16 / Allies) NOBORDERS: Orange that is my natural expansion
(04:21 / Allies) NOBORDERS: take that
(04:40 / Allies) NOBORDERS: Cancel that orange
(04:43 / Allies) NOBORDERS: take your natural not mine
(04:46 / Allies) NOBORDERS: this is a team game son
(04:47 / Allies) UndefeatdInAsia: these are yours up top dude
(04:57 / Allies) NOBORDERS: Be a team player oj
(05:25 / Allies) NOBORDERS: wow and you try to leech my xp
(05:28 / Allies) NOBORDERS: come in right at the last second
(05:32 / Allies) antrax221: i didnt lol
(05:37 / Allies) NOBORDERS: Cancel your expo
(05:44 / Allies) antrax221: i wont
(05:46 / All) antrax221: gg
(05:50 / All) antrax221: pink is a fag
(05:51 / Allies) UndefeatdInAsia: you're a fucking retard orange
(05:52 / All) NOBORDERS: Oj isn't a team player
(05:55 / All) UndefeatdInAsia: you took mid expo
(05:56 / All) p3n1s: pink has an expo
(06:00 / All) p3n1s: you should learn from him
(06:00 / Allies) antrax221: no one said anything turds
(06:01 / All) UndefeatdInAsia: when you could have crept one of the two up top
(06:02 / All) NOBORDERS: there are two fucking expos by you
(06:07 / Allies) NOBORDERS: Why should we have to
(06:10 / All) UndefeatdInAsia: it's fucking obvious can you not see the minimap?
(06:10 / Allies) NOBORDERS: it's obvious to a non autist
(06:31 / Allies) UndefeatdInAsia: we have 1 down here oyu have 2 up there
(06:33 / Allies) UndefeatdInAsia: durrrrrrr
(06:41 / Allies) NOBORDERS: then he plays ignorant rather than cancel and lose nothing
(06:46 / Allies) NOBORDERS: what an asshole
(08:14 / All) Dr_Monkey: lol
(08:46 / All) p3n1s: leave the fat man alone
(10:38 / All) MOUNTAIN-REAR: why is my game stuttering.
(10:41 / All) MOUNTAIN-REAR: sign of virus?
(14:27 / Allies) NOBORDERS: shit
(14:27 / Allies) NOBORDERS: stay if he drops and go tryhard
(14:28 / Allies) NOBORDERS: or leave?
(14:38 / All) UndefeatdInAsia: man that kill was so bullshit
(14:44 / All) UndefeatdInAsia: Fucking lag
(14:55 / All) UndefeatdInAsia: I was spamming W
(15:05 / All) UndefeatdInAsia: then I was typing and of course it ends when I type short message
(15:09 / Allies) UndefeatdInAsia: yeah no way we can win dude
(15:25 / Allies) NOBORDERS: this game went as bad as possible
(15:28 / Allies) NOBORDERS: Orange was such a fag
(15:28 / Allies) UndefeatdInAsia: yeah lawl
(15:31 / Allies) UndefeatdInAsia: orange ruiend it
(15:38 / Allies) NOBORDERS: I hadn't even tked with my towers too
(15:39 / Allies) UndefeatdInAsia: why would he fast expo that anyway
(15:40 / Allies) NOBORDERS: and yet he left
(15:45 / Allies) UndefeatdInAsia: guy is stupid as fuck
(15:52 / Allies) UndefeatdInAsia: why not fucking top corner
(16:01 / Allies) UndefeatdInAsia: dude can't read a minimap
(16:01 / Allies) NOBORDERS: yeah
(16:04 / Allies) NOBORDERS: literally anywhere else
(16:05 / Allies) NOBORDERS: but there
(17:30 / Allies) UndefeatdInAsia: I bat purple then lets leave
(17:33 / Allies) NOBORDERS: k
(18:41 / Allies) NOBORDERS: they suck maybe we could win this
(19:44 / Allies) NOBORDERS: I almpost have mass tp LOL
(20:46 / Allies) UndefeatdInAsia: I bladestorm it
(20:50 / Allies) NOBORDERS: kk
(20:57 / Allies) UndefeatdInAsia: shit
(21:57 / Allies) NOBORDERS: fucking hero focus
(22:20 / Allies) UndefeatdInAsia: start putting critters down
(22:29 / Allies) UndefeatdInAsia: we need to use orange
(22:35 / Allies) NOBORDERS: yeah
(22:40 / Allies) UndefeatdInAsia: kngith caster
(23:32 / Allies) NOBORDERS: lol wtf
(23:50 / All) p3n1s: SITMORE
(24:37 / Allies) NOBORDERS: tp?
(24:39 / Allies) UndefeatdInAsia: top after hall
(24:40 / Allies) UndefeatdInAsia: yes
(24:40 / Allies) UndefeatdInAsia: go
(25:32 / Allies) NOBORDERS: shit wasn't focusing
(25:36 / Allies) NOBORDERS: was microing a sorc
(25:38 / Allies) NOBORDERS: and lost my am LOL
(25:40 / All) p3n1s: asshole allies teal fuck off
(25:42 / All) NOBORDERS: LOL
(25:44 / All) NOBORDERS: we had 2 leavers
(25:45 / All) NOBORDERS: stfu
(26:08 / Allies) NOBORDERS: man I lost everything but so did they
(26:30 / Allies) UndefeatdInAsia: put phoenix at an expo
(26:50 / Allies) UndefeatdInAsia: taje that
(26:57 / Allies) UndefeatdInAsia: I'll try left mid
(27:00 / Allies) NOBORDERS: kk
(27:21 / Allies) NOBORDERS: they makin hawks LOL
(27:23 / Allies) NOBORDERS: good counter
(28:27 / Allies) NOBORDERS: retard magnet lol
(30:57 / Allies) NOBORDERS: LOLOL
(30:59 / Allies) NOBORDERS: they didnt take that
(31:00 / Allies) NOBORDERS: HAHA
(31:31 / Allies) NOBORDERS: I bet these retards aren't using their gold right and we can starve them out
(31:32 / Allies) NOBORDERS: if we play it safe
(31:59 / All) NOBORDERS: just leave
(32:04 / All) p3n1s: gay game
(32:08 / All) p3n1s: fuvk off teal
(32:09 / All) NOBORDERS: we raped you 2v4
(32:13 / All) Dr_Monkey: lol
(32:14 / All) UndefeatdInAsia: lol
(32:21 / All) UndefeatdInAsia: We barely touched orange
(32:21 / All) Dr_Monkey: my team didnt do shit
(32:24 / All) NOBORDERS: Oj took my expo and was mad
(32:29 / All) Dr_Monkey: i just built towers
(32:30 / All) NOBORDERS: and left when I complained, I didn't even tk
(32:36 / All) NOBORDERS: then we didn't use him and just 2v4ed after red left
(32:40 / All) NOBORDERS: still beat you